 Dungeon Crawl Stone Soup version 0.26-a0-851-g735459dd53 (webtiles) character file.

Game seed: 190719159719706055

68726 James the Severer (level 14, -4/130 HPs)
             Began as a Palentonga Fighter on Nov 21, 2020.
             Was a High Priest of Makhleb.
             Asphyxiated
             ... on level 1 of the Orcish Mines.
             The game lasted 01:53:24 (24514 turns).

James the Severer (Palentonga Fighter)             Turns: 24514, Time: 01:53:25

Health: -4/130     AC: 32    Str: 24    XL:     14   Next: 87%
Magic:  22/24      EV:  6    Int:  9    God:    Makhleb [*****.]
Gold:   1250       SH: 16    Dex: 10    Spells: 13/13 levels left

rFire    + . .     SeeInvis +   a - +1 war axe
rCold    + . .     Faith    .   I - +0 kite shield
rNeg     . . .     Spirit   .   S - +1 ring mail {MR+}
rPois    .         Reflect  +   (no helmet)
rElec    .         Harm     .   i - +1 cloak
rCorr    .         Rampage  .   R - +2 pair of gloves {archery}
MR       ++...                  N - +4 barding {rF+}
Stlth    ..........             T - amulet of reflection
HPRegen  0.31/turn              B - +4 ring of protection
MPRegen  0.19/turn              o - ring of protection from cold

@: lethally poisoned (-4 -> -28), slowed, studying Axes, heavily drained, curled
up, very slow
A: large, rugged brown scales 3, see invisible, deformed body, roll 1, armoured
tail, reflexive curl
a: Rolling Charge, Minor Destruction, Lesser Servant of Makhleb, Major
Destruction, Greater Servant of Makhleb, Renounce Religion


You were on level 1 of the Orcish Mines.
You worshipped Makhleb.
Makhleb was extremely pleased with you.
You visited 4 branches of the dungeon, and saw 21 of its levels.
You also visited: Sewer and Volcano.

You collected 1250 gold pieces.

Inventory:

Hand Weapons
 a - a +1 war axe (weapon)
 b - the +9 staff of Olgreb {rPois∞}
   (You found it on level 6 of the Dungeon)

   It grants immunity to poison.
 Z - the +8 flail of Antique Integrity {vorpal, *Corrode +Blink Dex+5}
   (You found it on level 10 of the Dungeon)

   It inflicts extra damage upon your enemies.
   It affects your dexterity (+5).
   It lets you blink.
   It may corrode you when you take damage.
Missiles
 n - 39 poisoned darts
 K - 20 boomerangs (quivered)
 P - a throwing net {!f}
Armour
 i - a +1 cloak (worn)
   (You found it on level 1 of the Dungeon)
 m - a +1 ring mail of poison resistance
   (You found it on level 2 of the Dungeon)
 y - a +4 ring mail of cold resistance
   (You took it off Terence on level 3 of the Dungeon)
 G - a +3 chain mail
   (You took it off an orc warrior on level 9 of the Dungeon)
 I - a +0 kite shield (worn)
 N - a +4 barding of fire resistance (worn)
   (You acquired it on level 7 of the Dungeon)
 R - a +2 pair of gloves of archery (worn)
   (You found it on level 12 of the Dungeon)
 S - a +1 ring mail of magic resistance (worn)
   (You took it off an orc on level 9 of the Dungeon)
Magical Staves
 r - an uncursed staff of cold
   (You found it on level 6 of the Lair of Beasts)
Jewellery
 o - a ring of protection from cold (right hand)
   (You found it on level 7 of the Dungeon)
 B - a +4 ring of protection (left hand)
   (You found it on level 4 of the Lair of Beasts)
 D - an uncursed ring of fire
   (You found it on level 4 of the Dungeon)
 J - a +6 ring of strength
   (You found it on level 2 of the Lair of Beasts)
 T - an amulet of reflection (around neck)
   (You found it on level 9 of the Dungeon)
Wands
 c - a wand of disintegration (4)
   (You found it on level 6 of the Dungeon)
 d - a wand of iceblast (8)
   (You found it on level 10 of the Dungeon)
 f - a wand of polymorph (14)
   (You found it on level 1 of the Lair of Beasts)
 t - a wand of flame (46)
   (You found it on level 2 of the Dungeon)
 u - a wand of paralysis (10)
   (You found it on level 8 of the Dungeon)
 v - a wand of digging (3)
   (You found it on level 1 of the Lair of Beasts)
 x - a wand of acid (17)
   (You found it on level 9 of the Dungeon)
 V - a wand of enslavement (4)
   (You found it on level 5 of the Lair of Beasts)
Scrolls
 g - 6 scrolls of remove curse {@r2}
 h - 2 scrolls of enchant armour
 k - 7 scrolls of teleportation {@r4}
 q - 2 scrolls of immolation {!r}
 s - 3 scrolls of identify {@r1}
 z - a scroll of fog
 L - 3 scrolls of enchant weapon
 Q - 2 scrolls of magic mapping
 U - 3 scrolls of fear
Potions
 j - 2 potions of resistance
 p - 3 potions of mutation {!q}
 w - 11 potions of curing {@q1}
 A - 6 potions of heal wounds {@q2}
 C - 4 potions of berserk rage
 E - 6 potions of brilliance
 H - 3 potions of flight
 M - 5 potions of cancellation
 O - 2 potions of ambrosia
 W - 2 potions of invisibility
 X - 2 potions of haste {@q3}
 Y - 11 potions of might
Books
 e - a manual of Axes {!d}
   (You acquired it on level 11 of the Dungeon)
Miscellaneous
 F - a lightning rod (4/4) {!a}
   (You found it on level 3 of the Lair of Beasts)


   Skills:
 + Level 10.8(8.3) Fighting
 + Level 16.2(13.4) Axes
 + Level 5.6(3.4) Armour
 - Level 3.0(0.9) Dodging
 - Level 9.0(6.6) Shields
 * Level 13.4(10.8) Invocations
 + Level 4.3(2.2) Evocations


You had 13 spell levels left.
You didn't know any spells.
Your spell library contained the following spells:

 Spells                   Type           Power        Failure   Level
 Corona                   Hex            #......      71%         1
 Foxfire                  Conj/Fire      #...         71%         1
 Freeze                   Ice            #...         71%         1
 Magic Dart               Conj           #...         71%         1
 Sting                    Tmut/Pois      #...         71%         1
 Summon Small Mammal      Summ           #...         71%         1
 Call Imp                 Summ           #.......     83%         2
 Poisonous Vapours        Pois/Air       #.....       83%         2
 Searing Ray              Conj           #.....       83%         2
 Slow                     Hex            #.......     83%         2
 Call Canine Familiar     Summ           #.......     97%         3
 Conjure Flame            Conj/Fire      #.......     97%         3
 Dazzling Flash           Conj/Hex       #.....       97%         3
 Frozen Ramparts          Ice            #.....       97%         3
 Ignite Poison            Fire/Tmut/Pois #.......     97%         3
 Inner Flame              Hex/Fire       #.......     97%         3
 Mephitic Cloud           Conj/Pois/Air  #.......     97%         3
 Ozocubu's Armour         Ice            #.......     97%         3
 Portal Projectile        Hex/Tloc       #.....       97%         3
 Summon Guardian Golem    Hex/Summ       #.......     97%         3
 Cause Fear               Hex            #.........   100%        4
 Fulminant Prism          Conj/Hex       #.........   100%        4
 Hailstorm                Conj/Ice       #.......     100%        4
 Iskenderun's Mystic Bla  Conj/Tloc      #.......     100%        4
 Leda's Liquefaction      Hex/Erth       #.........   100%        4
 Olgreb's Toxic Radiance  Pois           #.......     100%        4
 Sticky Flame             Conj/Fire      #.......     100%        4
 Summon Ice Beast         Ice/Summ       #.......     100%        4
 Summon Lightning Spire   Summ/Air       #.......     100%        4
 Fireball                 Conj/Fire      #.........   100%        5
 Freezing Cloud           Conj/Ice/Air   #.........   100%        6


Dungeon Overview and Level Annotations

Branches:
Dungeon (12/15)            Temple (1/1) D:5            Lair (6/6) D:10
 Shoals (0/4) Lair:4       Spider (0/4) Lair:2        Slime (0/5) Lair:5
    Orc (2/2) D:9             Elf (0/3) Orc:2         Sewer (visited)
Volcano (visited)

Altars:
Cheibriados
Elyvilon
Makhleb
Qazlal
Sif Muna
Uskayaw
Wu Jian
Xom
Zin
The Shining One

Shops:
D:7 !

Annotations:
Orc:1 Nessos, Sonja
Orc:2 Snorg


Innate Abilities, Weirdness & Mutations

You are completely covered in rugged brown scales. (AC +3, +7% HP)
You have supernaturally acute eyesight. (SInv)
Armour fits poorly on your strangely shaped body.
You can roll at nearby foes to attack.
You have a long armoured tail.
You curl defensively after being hit.


Message History

The warg bites you.
* * * LOW HITPOINT WARNING * * *
Sonja hits you but does no damage.
You feel drained. Sonja hits you but does no damage.
You feel drained. Sonja hits you but does no damage.
You feel drained. Nessos hits you but does no damage.
You block the ogre's attack.
You climb upwards.
* * * LOW HITPOINT WARNING * * *
You feel very sick.
There is a stone staircase leading down here.
You feel much better.
You feel very sick.
Nessos blinks!
Sonja hits you with a +0 dagger of draining.
* * * LOW HITPOINT WARNING * * *
You feel drained. You block Sonja's attack. x2
The warg bites you but does no damage.
The orc warlord hits you with a +0 great mace!!
* * * LOW HITPOINT WARNING * * *
Sonja hits you but does no damage.
You feel drained. You block Sonja's attack.
Sonja hits you with a +0 dagger of draining.
* * * LOW HITPOINT WARNING * * *
You feel drained. The ogre hits you but does no damage.
The orc priest hits you but does no damage.
The warg bites you.
* * * LOW HITPOINT WARNING * * *
Okay, then.
Unknown command.
Unknown command.
Unknown command.
Unknown command.
Unknown command.
You don't know any spells.
Unknown command.
Quiver which item? (- for none, * to show all) (? for menu, Esc to quit)
Okay, then.
Unknown command.
Okay, then.
Unknown command.
Unknown command.
As you read the scroll of blinking, it crumbles to dust.
You feel sick.
Nessos wields a +2 longbow of flaming.
It bursts into flame!
Nessos shoots an arrow.
The arrow hits you!
* * * LOW HITPOINT WARNING * * *
The arrow burns you.
* * * LOW HITPOINT WARNING * * *
Sonja throws a curare-tipped dart.
The curare-tipped dart hits you.
You are more poisoned.
You have difficulty breathing.
You die...

#.......####......##
##.#....#......#.##
####.......)##### ##
#.#.......# ###.
###.#.....# ##...
####...### ##....
###.......# #.....
##.)......####.....
#.@)[.[....#.##...#
###.....##.....)....#
#.......###.........#
#......###.......####
#..c....#.........###
##.#...##...........#
####OKh#....#.##....
##§o.....#####...
##§o^....# #.....


You could see Nessos (fast, poisoned), a warg, Sonja (poisoned), an ogre and an
orc priest (strong, poisoned).

Vanquished Creatures
  An orc warlord (D:9)
  Josephine (D:10)
  10 hydras
  2 boulder beetles (D:12)
  4 catoblepae
  3 two-headed ogres
  A centaur warrior (Volcano)
  13 death yaks
  A queen ant (Lair:2)
  Urug (Lair:1)
  A hell knight (Volcano)
  An unseen horror (D:10)
  An ugly thing (D:12)
  A wolf spider (Lair:2)
  3 orc sorcerers
  8 elephants
  A deep elf mage (D:12)
  2 manticores (Lair:6)
  A merfolk siren (Lair:4)
  4 black mambas
  A gargoyle (D:10)
  4 cane toads
  2 yaktaurs (Volcano)
  4 komodo dragons
  3 trolls
  Grinder (D:6)
  3 polar bears
  11 blink frogs
  7 dream sheep (Lair:6)
  A slime creature (Lair:5)
  A meliai zombie (D:11)
  6 wraiths
  9 wyverns
  60 yaks
  3 steam dragons
  4 basilisks
  3 wargs
  13 soldier ants
  24 water moccasins
  13 orc warriors
  3 necrophages
  2 phantoms
  5 black bears
  An ice beast (D:6)
  A sky beast (D:6)
  26 wolves
  10 ogres
  5 centaurs
  11 big kobolds
  Blork the orc (D:6)
  15 bullfrogs
  A gnoll sergeant (D:11)
  2 wyvern skeletons (D:11)
  A scorpion (D:8)
  11 killer bees
  2 howler monkeys
  10 wights
  4 jellies
  An electric eel (Lair:6)
  A quasit (D:11)
  3 bullfrog zombies
  6 hounds
  5 orc priests
  10 orc wizards
  2 bullfrog skeletons
  Crazy Yiuf (D:2)
  2 centaur skeletons
  7 iguanas
  17 worker ants
  Terence (D:3)
  A hound zombie (D:8)
  9 gnolls
  A river rat (D:5)
  24 adders
  2 shadow imps
  2 white imps
  6 ufetubi
  4 oozes
  An adder zombie (D:7)
  3 adder skeletons
  2 worms
  A dart slug (D:1)
  6 leopard geckos
  41 orcs
  6 bats
  8 giant cockroaches
  18 goblins
  6 hobgoblins
  15 jackals
  41 kobolds
  4 quokkas
  6 ball pythons
  3 frilled lizards
  A jackal zombie (D:7)
  A leopard gecko skeleton (D:4)
  A quokka zombie (D:4)
  8 rats
621 creatures vanquished.

Vanquished Creatures (collateral kills)
  The ghost of Argons the Covert, a journeyman KoWz of Vehumet (D:12)
  A shadow (D:12)
  4 wraiths (D:12)
  A necrophage (D:10)
  An ogre (Orc:2)
  A scorpion (Lair:2)
9 creatures vanquished.

Vanquished Creatures (others)
  A yak (Lair:6)
  2 orcs (Orc:1)
  A bush (Lair:6)
  25 fungi
  37 plants
66 creatures vanquished.

Grand Total: 696 creatures vanquished

Notes
Turn   | Place    | Note
-------+----------+-------------------------------------------
     0 | D:1      | James the Palentonga Fighter began the quest for the Orb.
     0 | D:1      | Reached XP level 1. HP: 20/20 MP: 1/1
   228 | D:1      | Reached XP level 2. HP: 27/27 MP: 2/2
   898 | D:1      | Reached XP level 3. HP: 33/33 MP: 3/3
   903 | D:1      | Reached skill level 3 in Axes
  1517 | D:2      | Reached XP level 4. HP: 32/40 MP: 4/4
  2499 | D:2      | Found a runed translucent door.
  2500 | D:2      | Noticed Crazy Yiuf
  2827 | D:3      | Noticed an orc warrior
  2865 | D:2      | Reached skill level 4 in Axes
  2865 | D:2      | Reached XP level 5. HP: 14/49 MP: 5/5
  3421 | D:3      | Killed an orc warrior
  3422 | D:3      | Reached XP level 6. HP: 55/55 MP: 6/6
  3701 | D:3      | Noticed Terence
  3706 | D:3      | Killed Terence
  3707 | D:3      | Reached skill level 5 in Axes
  4475 | D:5      | Entered Level 5 of the Dungeon
  4522 | D:5      | Found a staircase to the Ecumenical Temple.
  4537 | Temple   | Entered the Ecumenical Temple
  4556 | Temple   | Became a worshipper of Makhleb the Destroyer
  4581 | D:5      | Gained mutation: You curl defensively after being hit.
                  | [Palentonga growth]
  4581 | D:5      | Reached XP level 7. HP: 64/64 MP: 7/7
  4686 | D:5      | Found a glowing drain.
  4691 | Sewer    | Entered a sewer
  4886 | Sewer    | Reached skill level 5 in Fighting
  4886 | Sewer    | Reached skill level 6 in Axes
  5108 | Sewer    | Reached XP level 8. HP: 57/73 MP: 8/8
  5125 | Sewer    | Reached * piety under Makhleb
  5126 | Sewer    | Reached skill level 7 in Axes
  5792 | D:5      | Reached skill level 5 in Shields
  6431 | D:6      | Noticed Grinder
  6435 | D:6      | Reached skill level 8 in Axes
  6447 | D:6      | Noticed Blork the orc
  6448 | D:6      | Killed Grinder
  6455 | D:6      | Killed Blork the orc
  6610 | D:6      | Found the +9 staff of Olgreb {rPois∞}
  6624 | D:6      | Reached XP level 9. HP: 65/79 MP: 9/9
  6779 | D:6      | Found a runed translucent door.
  6784 | D:6      | Found a runed translucent gate.
  6784 | D:6      | Found a runed translucent gate.
  6785 | D:6      | Found a runed translucent door.
  6798 | D:6      | Noticed a two-headed ogre
  6813 | D:6      | Killed a two-headed ogre
  6814 | D:6      | Reached skill level 9 in Axes
  6845 | D:6      | Found a runed translucent gate.
  7122 | D:6      | Reached skill level 10 in Axes
  7548 | D:6      | Reached ** piety under Makhleb
  7980 | D:7      | Found Huutukil's Distillery.
  8059 | D:7      | Identified a scroll of acquirement
  8059 | D:7      | Acquired a +2 barding of fire resistance
  8498 | D:8      | Noticed a two-headed ogre
  8501 | D:8      | Reached skill level 11 in Axes
  8501 | D:8      | Reached XP level 10. HP: 87/87 MP: 10/10
  8512 | D:8      | Killed a two-headed ogre
  9062 | D:8      | Reached skill level 1 in Invocations
  9319 | D:8      | Reached *** piety under Makhleb
  9928 | D:8      | Reached skill level 12 in Axes
  9990 | D:9      | Found a staircase to the Orcish Mines.
 10162 | D:9      | Noticed a two-headed ogre
 10265 | D:9      | Killed a two-headed ogre
 10562 | D:9      | Found a stormy altar of Qazlal.
 10777 | D:10     | Entered Level 10 of the Dungeon
 10827 | D:10     | Noticed an elephant
 10843 | D:10     | Killed an elephant
 10844 | D:10     | Reached XP level 11. HP: 69/94 MP: 12/14
 10933 | D:10     | Found a staircase to the Lair.
 11044 | D:10     | Noticed Josephine
 11057 | D:10     | Killed Josephine
 11147 | D:10     | Reached **** piety under Makhleb
 11393 | D:10     | Got a twisted flail
 11395 | D:10     | Identified the +8 flail of Antique Integrity {vorpal,
                  | *Corrode +Blink Dex+5} (You found it on level 10 of the
                  | Dungeon)
 11403 | D:10     | Noticed a seven-headed hydra
 11409 | D:10     | Killed a seven-headed hydra
 11410 | D:10     | Reached skill level 13 in Axes
 11606 | D:10     | Noticed an unseen horror
 11617 | D:10     | Killed an unseen horror
 12080 | D:11     | Noticed a five-headed hydra
 12085 | D:11     | Killed a five-headed hydra
 12086 | D:11     | Reached skill level 5 in Invocations
 12210 | D:11     | Identified the +0 leather armour of Compression {rN+
                  | Slay+3}
 12212 | D:11     | Reached ***** piety under Makhleb
 12526 | D:11     | Got a heavily jewelled robe
 12881 | D:6      | Reached XP level 12. HP: 106/106 MP: 16/16
 13123 | D:2      | Killed Crazy Yiuf
 13456 | Lair:1   | Entered Level 1 of the Lair of Beasts
 13470 | Lair:1   | Noticed a seven-headed hydra
 13956 | D:10     | Found a staircase to the Lair.
 14593 | D:10     | Found a staircase to the Lair.
 14705 | D:10     | Killed a seven-headed hydra
 15103 | Lair:1   | Reached skill level 14 in Axes
 15118 | Lair:1   | Noticed Urug
 15140 | Lair:1   | Killed Urug
 15359 | Lair:1   | Found a glowing golden altar of the Shining One.
 15677 | Lair:2   | Found a hole to the Spider Nest.
 15822 | Lair:2   | Reached skill level 5 in Armour
 15863 | Lair:2   | You fall into a shaft and drop 1 floor!
 15902 | Lair:3   | Found a dark tunnel.
 15915 | Volcano  | Entered a volcano
 15935 | Volcano  | Noticed a centaur warrior
 15938 | Volcano  | Found a burning altar of Makhleb.
 15938 | Volcano  | Killed a centaur warrior
 16410 | Lair:2   | Noticed a seven-headed hydra
 16418 | Lair:2   | Killed a seven-headed hydra
 16499 | Lair:2   | Noticed a queen ant
 16518 | Lair:2   | Killed a queen ant
 16554 | Lair:2   | Noticed a catoblepas
 16581 | Lair:2   | Killed a catoblepas
 16582 | Lair:2   | Reached XP level 13. HP: 111/114 MP: 19/19
 17098 | Lair:3   | Reached skill level 15 in Axes
 17295 | Lair:3   | Reached skill level 10 in Invocations
 18042 | Lair:4   | Reached ****** piety under Makhleb
 18837 | Lair:4   | Found a staircase to the Shoals.
 19150 | Lair:5   | Found a staircase to the Slime Pits.
 20115 | Lair:5   | Reached skill level 16 in Axes
 20128 | Lair:5   | Found the +8 whip "Snakebite" {curare, rPois}
 20356 | Lair:6   | Entered Level 6 of the Lair of Beasts
 20394 | Lair:6   | Reached skill level 1 in Evocations
 20394 | Lair:6   | Reached XP level 14. HP: 126/126 MP: 22/22
 20409 | Lair:6   | Reached skill level 1 in Dodging
 20452 | Lair:6   | Reached skill level 10 in Fighting
 22322 | D:11     | Acquired a manual of Axes
 22334 | D:12     | Found a runed translucent gate.
 22335 | D:12     | Noticed Argons's ghost (journeyman KoWz)
 22338 | D:12     | Found a runed translucent gate.
 22339 | D:12     | Found a runed translucent gate.
 23605 | D:12     | Killed Argons's ghost
 23772 | Orc:1    | Entered Level 1 of the Orcish Mines
 23784 | Orc:1    | Noticed an orc warlord
 24067 | D:9      | Killed an orc warlord
 24495 | Orc:2    | Entered Level 2 of the Orcish Mines
 24495 | Orc:2    | Found a staircase to the Elven Halls.
 24495 | Orc:2    | Noticed Sonja
 24500 | Orc:2    | Noticed an orc warlord
 24502 | Orc:2    | Noticed Nessos
 24506 | Orc:2    | Noticed Snorg
 24514 | Orc:1    | HP: 2/130 [Nessos/arrow (16)]
 24514 | Orc:1    | Asphyxiated

Illustrated notes

Levels and vault maps discovered:
D:1:      minmay_arrival_wavy_path, layout_basic
D:2:      minmay_skewed_foursquare, layout_rooms, uniq_crazy_yiuf_cottage
D:3:      kennysheep_the_goblin_king, layout_basic, uniq_terence
D:4:      layout_cave_pools, minmay_door_square
D:5:      layout_basic, minmay_temple_entry_crystal_x,
          lightli_sewer_entry_pipes, palyth_stone_intersect, serial_bayou_pond_c
D:6:      layout_basic, minmay_guarded_unrand_staff_of_olgreb,
          uniq_blork_the_orc, uniq_grinder
D:7:      layout_rooms, serial_shops, kennysheep_little_box
D:8:      layout_gridville, sword_in_stone
D:9:      layout_long_grid, kennysheep_mini_moat, david_orc_2
D:10:     layout_roguey, david_lair_generic, minmay_fractal_squares_gapless_5,
          uniq_josephine
D:11:     layout_stronghold
D:12:     layout_irregular_city, gammafunk_ghost_spectres
Temple:   nicolae_temple_the_god_donut
Lair:1:   layout_long_grid, basic_altar, uniq_urug
Lair:2:   layout_loops_ring, spider_nest_entry_rubble, minmay_another_anthill
Lair:3:   layout_roguey, nicolae_volcano_entry_lava_flow, grunt_megastairs_2,
          serial_bayou_shore_b, infiniplex_staircase_pool
Lair:4:   layout_gridlike, minmay_shoals_entry_lonely_mermaid
Lair:5:   minmay_guarded_unrand_snakebite, layout_regular_city,
          minmay_slime_entry_pillars, infiniplex_staircase_pool_2,
          grunt_megastairs_5
Lair:6:   evilmike_catoblepas_cave, layout_regular_city, grunt_megastairs_4,
          serial_bayou_shore_a
Orc:1:    layout_diamond_mine, trog_book
Orc:2:    kennysheep_orc_mage_school, layout_caves,
          portal_ice_cave_demonic_guard, uniq_nessos, uniq_maurice, uniq_sonja,
          uniq_snorg

Skill      XL: |  1  2  3  4  5  6  7  8  9 10 11 12 13 14 |
---------------+-------------------------------------------+-----
Axes           | 3 4 5 6 8 11 12 13 14 16 | 16.2
Shields        | 3 4 5 6 8 9 |  9.0
Fighting       | 4 5 6 7 8 9 10 | 10.8
Armour         | 3 4 5 |  5.6
Invocations    | 4 5 9 11 13 | 13.4
Evocations     | 1 4 |  4.3
Dodging        | 3 |  3.0

Action                   |  1- 3 |  4- 6 |  7- 9 | 10-12 | 13-15 || total
-------------------------+-------+-------+-------+-------+-------++-------
Melee: War axe           |   107 |   144 |   376 |   824 |   900 ||  2351
       Tailslap          |    10 |    20 |    39 |   128 |   187 ||   384
       Flail             |       |       |       |    32 |    21 ||    53
       Staff             |       |       |       |     3 |       ||     3
Throw: Boomerang         |       |     1 |       |     6 |     2 ||     9
Invok: Minor Destruction |       |       |       |     1 |       ||     1
       Lesser Servant of |       |       |       |     3 |     3 ||     6
       Major Destruction |       |       |       |       |     4 ||     4
       Greater Servant o |       |       |       |       |     4 ||     4
 Abil: Rolling Charge    |    10 |    12 |    25 |    44 |    57 ||   148
       Evoke Blink       |       |       |       |     1 |       ||     1
Evoke: Wand              |       |       |     3 |     3 |     1 ||     7
       Staff of Olgreb   |       |       |       |     8 |     1 ||     9
  Use: Scroll            |       |    10 |    14 |     6 |     9 ||    39
       Potion            |       |       |       |       |     1 ||     1
 Stab: Petrified         |       |       |       |     3 |     9 ||    12
       Petrifying        |       |       |       |       |     1 ||     1
Armor: Scale mail        |    61 |    14 |       |       |       ||    75
       Ring mail         |       |    50 |   172 |   422 |   273 ||   917
       Skin              |       |     2 |       |     1 |       ||     3
       Plate armour      |       |       |       |     7 |       ||     7
Dodge: Dodged            |    23 |    42 |    94 |   160 |   118 ||   437
Block: Kite shield       |    60 |    73 |   207 |   701 |   563 ||  1604
       Reflection        |       |       |       |    34 |     4 ||    38

Table legend: (Time is in decaauts)
 A = Elapsed time spent in this place.
 B = Non-inter-level travel time spent in this place.
 C = Inter-level travel time spent in this place.
 D = Time resting spent in this place.
 E = Time spent auto-exploring this place.
 F = Levels seen in this place.
 G = Mean time per level.
                   A        B        C        D        E       F      G
               +--------+--------+--------+--------+--------+-----+--------+
         Total |  24465 |  22817 |   1648 |   4207 |  12897 |  23 | 1063.7 |
       Dungeon |  16557 |  15199 |   1358 |   3316 |   8105 |  12 | 1379.8 |
        Temple |     33 |     22 |     11 |      0 |      0 |   1 |   33.0 |
          Lair |   6756 |   6479 |    277 |    724 |   4390 |   6 | 1126.0 |
  Orcish Mines |    208 |    207 |      1 |      0 |    100 |   2 |  104.0 |
         Sewer |    572 |    572 |      0 |    163 |    103 |   1 |  572.0 |
       Volcano |    336 |    336 |      0 |      4 |    199 |   1 |  336.0 |
               +--------+--------+--------+--------+--------+-----+--------+

Top non-repeatable levels by time:
     D:2: 2162 daAuts
    D:10: 2118 daAuts
     D:8: 1711 daAuts
     D:1: 1573 daAuts
  Lair:6: 1560 daAuts
    D:12: 1534 daAuts
     D:9: 1513 daAuts
     D:6: 1475 daAuts
  Lair:5: 1329 daAuts
  Lair:3: 1271 daAuts
    D:11: 1262 daAuts
     D:5: 1125 daAuts
  Lair:1: 929 daAuts
  Lair:2: 906 daAuts
     D:3: 899 daAuts
